 Dungeon Crawl Stone Soup version 0.24.0-1-gfbc8707122 (webtiles) character file.

Game seed: 10150670397483435724, levelgen mode: deterministic

14488 Chiseanne the Nimble (level 12, -4/80 HPs)
             Began as a Barachi Earth Elementalist on Oct 27, 2019.
             Was a High Priest of Nemelex Xobeh.
             Killed from afar by a twister (15 damage)
             ... with a tornado
             ... summoned by a card of wild magic
             ... on level 2 of the Orcish Mines.
             The game lasted 01:01:00 (14605 turns).

Chiseanne the Nimble (Barachi Earth Elementalist)  Turns: 14605, Time: 01:01:00

Health: -4/80      AC: 10    Str:  9    XL:     12   Next: 17%
Magic:  17/17      EV: 19    Int: 24    God:    Nemelex Xobeh [*****.]
Gold:   279        SH:  8    Dex: 16    Spells: 1/18 levels left

rFire    + + .     SeeInvis .   a - +5 spear (venom)
rCold    . . .     Gourm    .   T - +3 warlock's mirror {reflect}
rNeg     . . .     Faith    +   D - +1 leather armour of Tomorrow {*Slow rF++}
rPois    +         Spirit   .   C - +2 helmet {Int+3}
rElec    .         Reflect  +   A - +0 cloak
rCorr    +         Harm     .   Q - +0 pair of gloves {Dex+3}
MR       .....                  V - +0 pair of boots
Stlth    ++........             B - amulet of faith
HPRegen  0.23/turn              r - ring of resist corrosion
MPRegen  0.15/turn              I - ring of poison resistance

@: flying (expiring), very slightly contaminated, invisible, slow
A: +LOS, swims, blurry vision 1, slowness 1, strong legs 1
a: Hop, Draw Escape, Draw Destruction, Draw Summoning, Triple Draw, Deal Four,
Stack Five, Renounce Religion


You were on level 2 of the Orcish Mines.
You worshipped Nemelex Xobeh.
Nemelex Xobeh was extremely pleased with you.
You were hungry.

You visited 2 branches of the dungeon, and saw 12 of its levels.
You also visited: Bailey.

You collected 1280 gold pieces.
You spent 1001 gold pieces at shops.

Inventory:

Hand Weapons
 a - a +5 spear of venom (weapon)
 e - the +5 quarterstaff of Cruel Justice {freeze, Int+7}
   (You found it on level 10 of the Dungeon)

   It has been specially enchanted to freeze those struck by it, causing extra
   injury to most foes and up to half again as much damage against particularly
   susceptible opponents.
   It can also slow down cold-blooded creatures.
   It affects your intelligence (+7).
 h - a +0 club
 m - a +2 falchion of holy wrath
 w - a +0 hunting sling of flaming
 U - a +2 executioner's axe of electrocution
Missiles
 f - 28 sling bullets
 g - 36 poisoned darts
 k - 69 bolts
 o - 113 stones
 p - 3 javelins
 u - 10 boomerangs (quivered)
 x - 2 boomerangs of dispersal
 y - 270 arrows
Armour
 A - a +0 cloak (worn)
 C - a +2 helmet of intelligence (worn)
 D - the +1 leather armour of Tomorrow (worn) {*Slow rF++}
   (You bought it in a shop on level 9 of the Dungeon)

   It greatly protects you from fire.
   It may slow you when you take damage.
 J - a +0 shield
 M - a +0 troll leather armour
 P - the cursed +1 robe "Jyotaeph" {rPois Int+3}
   (You found it on level 10 of the Dungeon)

   It affects your intelligence (+3).
   It protects you from poison.
   It has a curse placed upon it.
 Q - a +0 pair of gloves of dexterity (worn)
 T - the +3 warlock's mirror (worn) {reflect}
   (You took it off a goblin in a bailey)
 V - a +0 pair of boots (worn)
Jewellery
 r - a ring of resist corrosion (left hand)
 B - an amulet of faith (around neck)
 I - a ring of poison resistance (right hand)
Wands
 c - a wand of polymorph (5)
 s - a wand of digging (3)
 N - a wand of disintegration (16)
 R - a wand of acid (3)
 S - a wand of iceblast (9)
Scrolls
 v - 5 scrolls of remove curse
 E - 5 scrolls of identify
 F - 4 scrolls of teleportation
 L - a scroll of immolation
Potions
 b - 3 potions of flight
 i - a potion of magic
 j - 2 potions of agility
 l - 2 potions of curing
 n - a potion of lignification
 q - a potion of haste
 H - 2 potions of ambrosia
 K - a potion of heal wounds
 O - 2 potions of might
Miscellaneous
 z - a crystal ball of energy
Comestibles
 d - 30 rations
 G - 8 chunks of flesh


   Skills:
 - Level 2.9 Fighting
 * Level 11.1 Dodging
 - Level 1.7 Stealth
 - Level 4.0 Shields
 - Level 3.5 Spellcasting
 * Level 10.8 Conjurations
 - Level 1.1 Transmutations
 * Level 4.6 Air Magic
 * Level 10.8 Earth Magic
 * Level 4.7 Poison Magic


You had one spell level left.
You knew the following spells:

 Your Spells              Type           Power        Failure   Level  Hunger
a - Sandblast             Erth           ######       1%          1    None
b - Passwall              Tmut/Erth      ####....     1%          2    #......
c - Stone Arrow           Conj/Erth      ######       1%          3    ###....
d - Lee's Rapid Deconstr  Erth           ######....   4%          5    ######.
e - Conjure Flame         Conj/Fire      ####....     4%          3    ###....
f - Mephitic Cloud        Conj/Pois/Air  #####...     2%          3    ###....

Your spell library contained the following spells:

 Spells                   Type           Power        Failure   Level  Hunger
 Magic Dart               Conj           ####         1%          1    None
 Shock                    Conj/Air       ####         1%          1    None
 Confusing Touch          Hex            #.....       14%         1    None
 Searing Ray              Conj           ######       1%          2    #......
 Static Discharge         Conj/Air       #####...     1%          3    ###....
 Iskenderun's Mystic Bla  Conj           ######..     1%          4    ####...
 Poisonous Vapours        Pois/Air       ####..       3%          2    #......
 Dazzling Spray           Conj/Hex       ####..       4%          3    ###....
 Swiftness                Chrm/Air       ###.....     9%          2    #......
 Petrify                  Tmut/Erth      ####....     12%         4    ####...
 Force Lance              Conj/Tloc      ####....     16%         4    ####...
 Fulminant Prism          Conj/Hex       ####......   16%         4    ####...
 Leda's Liquefaction      Hex/Erth       ####......   16%         4    ####...
 Lightning Bolt           Conj/Air       #####.....   17%         5    ######.
 Corpse Rot               Necr           N/A          22%         2    #......
 Airstrike                Air            ####......   22%         4    ####...
 Confuse                  Hex            #.......     41%         3    ###....
 Gell's Gravitas          Tloc           #.........   41%         3    ###....
 Freezing Cloud           Conj/Ice/Air   ####......   95%         6    #######
 Yara's Violent Unravell  Hex/Tmut       #.........   97%         5    ######.
 Metabolic Englaciation   Hex/Ice        #.........   99%         5    ######.
 Summon Forest            Summ/Tloc      #.........   99%         5    ######.
 Hydra Form               Tmut           #.........   100%        6    #######
 Ring of Flames           Chrm/Fire      #.........   100%        7    #######
 Summon Hydra             Summ           #.........   100%        7    #######


Dungeon Overview and Level Annotations

Branches:
Dungeon (10/15)            Temple (0/1) D:6            Lair (0/6) D:9
    Orc (2/2) D:9          Bailey (visited)
    Elf: Orc:2

Altars:
Cheibriados
Hepliaklqana
Kikubaaqudgha
Nemelex Xobeh
Qazlal
Ru
Trog
Vehumet
Xom
Yredelemnul
Beogh

Shops:
D:5 =   D:7 *   D:8 ?   D:9 [(   D:10 *

Annotations:
D:5 2 transporters, Ralsei's ghost, novice DEFE
D:7 2 transporters


Innate Abilities, Weirdness & Mutations

Shadows flee at your approach. (+LOS)
You can swim through water.
You cover ground slowly.
You can hop short distances.
Scrolls take you a little longer to read.


Message History

You feel a surge of magic.
You feel your power returning.
You hear a shout!
You hear a howl!
The orc warrior is no longer encased in ice.
The orc sorcerer burns!
Your killer bee completely misses the orc warrior.
Your killer bee stings the orc warrior but does no damage.
The orc warrior closely misses you.
The orc warrior complains loudly.
The orc dies! x2; The orc warrior dies!
The vortex of raging winds lifts you up.
You fly up into the air.
* * * LOW HITPOINT WARNING * * *
You stop ascending the stairs.
The orc sorcerer dies!
Your killer bee dies!
Your killer bee's corpse disappears in a puff of smoke!
The orc warrior dies!
Your killer bee stings the orc knight but does no damage.
The orc warrior dies!
You die...
Your body glows with a rainbow of weird colours and disappears.

## ## ##### #
..§####.#..#.###.#
.§§§§§§..§§.......
..§v§§§§§.........
.§§§§§§o§y.)......
.§§§§§v§§@§.......
.§.§§§§§§o.§......
.)§§§§§§§)).......
..§.§§.§)§.......#
.....o....$.......
.......o..........
...o..............
..................
..................


You could see an orc knight, 3 orc warriors, an orc wizard (wandering), 2
friendly twisters and a friendly killer bee.

Vanquished Creatures
  A two-headed ogre (D:10)
  An orc high priest (Orc:2)
  Pikel (D:9)
  2 orc knights (Bailey)
  A cyclops (Orc:1)
  2 orc sorcerers
  A kobold demonologist (D:9)
  2 trolls (Orc:1)
  18 orc warriors
  2 hippogriffs
  2 wyverns
  A human (D:7)
  4 hogs (D:7)
  A basilisk (D:9)
  A steam dragon (D:9)
  Menkaure (D:7)
  2 sky beasts
  An ice beast (D:7)
  2 phantoms (D:7)
  3 centaurs
  3 ogres (Orc:1)
  4 crocodiles
  11 big kobolds
  5 bullfrogs
  A wyvern skeleton (D:9)
  2 scorpions
  5 electric eels (Bailey)
  2 howler monkeys (D:8)
  3 crimson imps
  2 quasits
  2 hounds
  A jelly (D:10)
  4 orc priests
  Jessica (D:2)
  3 iguanas
  10 orc wizards
  5 worker ants
  A hound zombie (D:7)
  A worker ant zombie (D:9)
  9 gnolls
  10 adders
  2 shadow imps
  4 worms
  10 leopard geckos
  53 orcs
  4 giant cockroaches
  22 goblins
  14 hobgoblins
  19 jackals
  A quokka (D:4)
  2 ball pythons (D:2)
  11 bats
  5 frilled lizards
  A jackal zombie (D:5)
  19 kobolds
  A quokka skeleton (D:4)
  11 rats
  A spectral orc (D:3)
314 creatures vanquished.

Vanquished Creatures (collateral kills)
  The ghost of ChadusMaximus the Cleaver, a novice MiBe of Trog (D:10)
  2 two-headed ogres
  An orc high priest (Orc:2)
  An orc sorcerer (Orc:2)
  An orc knight (Orc:1)
  A cyclops (D:10)
  3 kobold demonologists
  6 orc warriors
  A necrophage (D:5)
  A centaur (D:8)
  9 big kobolds (D:10)
  A howler monkey (D:9)
  A quasit (D:6)
  2 hounds (D:5)
  2 orc wizards
  A jelly (D:9)
  An orc priest (D:6)
  Ijyb (D:4)
  2 iguanas
  2 worker ants
  Robin (D:3)
  A gnoll (Bailey)
  A shadow imp (D:10)
  2 adder skeletons
  A leopard gecko (D:5)
  11 orcs
  6 goblins (D:3)
  3 hobgoblins
66 creatures vanquished.

Vanquished Creatures (others)
  A troll (Orc:1)
  A black bear (D:9)
  4 slaves (D:9)
  An ogre (Orc:2)
  2 big kobolds (D:9)
  A howler monkey (D:9)
  An orc priest (D:9)
  An orc wizard (Orc:2)
  An iguana (D:9)
  A ball lightning (Orc:1)
  6 orcs
  A fungus (D:10)
  A plant (D:10)
22 creatures vanquished.

Grand Total: 402 creatures vanquished

Notes
Turn   | Place    | Note
-------+----------+-------------------------------------------
     0 | D:1      | Chiseanne the Barachi Earth Elementalist began the quest
                  | for the Orb.
     0 | D:1      | Reached XP level 1. HP: 13/13 MP: 3/3
   475 | D:1      | Reached XP level 2. HP: 20/20 MP: 3/5
   551 | D:1      | Reached skill level 1 in Fighting
   874 | D:2      | Reached XP level 3. HP: 18/26 MP: 2/7
  1425 | D:2      | Found a sparkling altar of Nemelex Xobeh.
  1532 | D:2      | Became a worshipper of Nemelex Xobeh the Trickster
  1533 | D:2      | Received a gift from Nemelex Xobeh
  1662 | D:2      | Reached XP level 4. HP: 29/33 MP: 4/8
  1875 | D:2      | Noticed Jessica
  1937 | D:2      | Killed Jessica
  2116 | D:3      | Reached XP level 5. HP: 39/39 MP: 7/10
  2330 | D:3      | Learned a level 2 spell: Passwall
  2334 | D:3      | Learned a level 3 spell: Stone Arrow
  2340 | D:3      | Learned a level 5 spell: Lee's Rapid Deconstruction
  2540 | D:3      | Noticed Robin
  2551 | D:3      | Killed Robin
  2756 | D:4      | Noticed Ijyb
  2762 | D:4      | Killed Ijyb
  2803 | D:4      | Reached * piety under Nemelex Xobeh
  2850 | D:4      | Received a gift from Nemelex Xobeh
  2877 | D:4      | Found an ancient bone altar of Kikubaaqudgha.
  2988 | D:4      | Reached skill level 3 in Dodging
  2988 | D:4      | Reached XP level 6. HP: 37/46 MP: 11/11
  2999 | D:4      | Found a snail-covered altar of Cheibriados.
  3019 | D:4      | Reached skill level 1 in Conjurations
  3162 | D:5      | Entered Level 5 of the Dungeon
  3162 | D:5      | Noticed a necrophage
  3171 | D:5      | Killed a necrophage
  3465 | D:5      | Reached skill level 5 in Earth Magic
  3516 | D:5      | Found a transporter.
  3530 | D:5      | Found Uqufeudo's Jewellery Shop.
  3611 | D:6      | Reached ** piety under Nemelex Xobeh
  3613 | D:6      | Noticed a sky beast
  3615 | D:6      | Found a staircase to the Ecumenical Temple.
  3622 | D:6      | Reached XP level 7. HP: 45/51 MP: 12/12
  3645 | D:6      | Reached skill level 4 in Dodging
  3774 | D:6      | Found a stormy altar of Qazlal.
  3860 | D:7      | Identified a scroll of acquirement
  3930 | D:7      | Found a transporter.
  3941 | D:7      | Found Omnimmae's General Store.
  3983 | D:7      | Received a gift from Nemelex Xobeh
  4013 | D:7      | Noticed Menkaure
  4031 | D:7      | Killed Menkaure
  4035 | D:7      | You fall into a shaft and drop 2 floors!
  4155 | D:9      | Noticed Pikel
  4164 | D:9      | Killed Pikel
  4164 | D:9      | Reached skill level 5 in Dodging
  4164 | D:9      | Reached skill level 5 in Conjurations
  4164 | D:9      | Reached XP level 8. HP: 42/57 MP: 10/13
  4245 | D:9      | Found Atuj's Weapon Boutique.
  4245 | D:9      | Found a staircase to the Orcish Mines.
  4245 | D:9      | Found Amiricus's Armour Boutique.
  4289 | D:9      | Reached skill level 6 in Dodging
  4364 | D:9      | Bought a +1 helmet of intelligence for 214 gold pieces
  4364 | D:9      | Bought the cursed +1 leather armour of Tomorrow {*Slow
                  | rF++} for 297 gold pieces
  4510 | D:8      | Noticed a two-headed ogre
  4614 | D:9      | Noticed a kobold demonologist
  4623 | D:9      | Noticed a ynoxinul
  4637 | D:9      | Noticed a sixfirhy
  4663 | D:9      | Noticed a ynoxinul
  4670 | D:9      | Killed a kobold demonologist
  4670 | D:9      | Reached XP level 9. HP: 27/62 MP: 2/14
  4681 | D:9      | Reached skill level 7 in Dodging
  4843 | D:9      | Noticed a two-headed ogre
  5104 | D:6      | Reached *** piety under Nemelex Xobeh
  5104 | D:6      | Received a gift from Nemelex Xobeh
  5739 | D:7      | Found a sacrificial altar of Ru.
  5771 | D:7      | Noticed an ogre mage
  5843 | D:7      | Found a roughly hewn altar of Beogh.
  5844 | D:7      | Found a transporter.
  5898 | D:7      | Received a gift from Nemelex Xobeh
  6018 | D:7      | Reached skill level 8 in Dodging
  6146 | D:7      | Reached XP level 10. HP: 69/69 MP: 9/15
  6333 | D:5      | Found a shimmering altar of Xom.
  6357 | D:5      | Found a transporter.
  6361 | D:5      | Noticed Ralsei's ghost (novice DEFE)
  6446 | D:5      | Received a gift from Nemelex Xobeh
  6940 | D:4      | Reached **** piety under Nemelex Xobeh
  6950 | D:4      | Received a gift from Nemelex Xobeh
  7242 | D:3      | Found a radiant altar of Vehumet.
  7580 | D:3      | Found a basalt altar of Yredelemnul.
  7998 | D:2      | Received a gift from Nemelex Xobeh
  8746 | D:2      | Found a bloodstained altar of Trog.
  9403 | D:8      | Killed a two-headed ogre
  9403 | D:8      | Reached skill level 9 in Dodging
  9446 | D:8      | Found a hazy altar of Hepliaklqana.
  9500 | D:8      | Received a gift from Nemelex Xobeh
  9530 | D:8      | Found Anaasoh's Magic Scroll Emporium.
  9534 | D:8      | Reached skill level 1 in Shields
  9542 | D:8      | Bought a scroll of noise for 14 gold pieces
  9542 | D:8      | Bought a scroll of immolation for 49 gold pieces
  9542 | D:8      | Bought a scroll of identify for 28 gold pieces
  9546 | D:8      | Bought a scroll of identify for 28 gold pieces
  9546 | D:8      | Bought a scroll of identify for 28 gold pieces
  9546 | D:8      | Bought a scroll of teleportation for 42 gold pieces
  9546 | D:8      | Bought a scroll of identify for 28 gold pieces
  9546 | D:8      | Bought a scroll of identify for 28 gold pieces
  9546 | D:8      | Bought a scroll of identify for 28 gold pieces
 10516 | D:9      | Received a gift from Nemelex Xobeh
 10938 | D:9      | Found a staircase to the Lair.
 11311 | D:10     | Entered Level 10 of the Dungeon
 11436 | D:10     | Reached ***** piety under Nemelex Xobeh
 11436 | D:10     | Received a gift from Nemelex Xobeh
 11479 | D:10     | Found a runed translucent gate.
 11480 | D:10     | Found a runed translucent gate.
 11481 | D:10     | Found a runed translucent gate.
 11484 | D:10     | Noticed ChadusMaximus's ghost (novice MiBe)
 11485 | D:10     | Noticed a kobold demonologist
 11486 | D:10     | Noticed a kobold demonologist
 11490 | D:10     | Found Lojerit's General Store.
 11516 | D:10     | Killed a kobold demonologist
 11517 | D:10     | Killed a kobold demonologist
 11517 | D:10     | Reached XP level 11. HP: 56/74 MP: 16/16
 11521 | D:10     | Killed ChadusMaximus's ghost
 11521 | D:10     | Reached skill level 10 in Dodging
 11535 | D:10     | Got an opalescent robe
 11560 | D:10     | Bought 2 scrolls of teleportation for 84 gold pieces
 11560 | D:10     | Bought a scroll of enchant weapon for 105 gold pieces
 11560 | D:10     | Bought a scroll of identify for 28 gold pieces
 11627 | D:10     | Identified the +5 quarterstaff of Cruel Justice {freeze,
                  | Int+7} (You found it on level 10 of the Dungeon)
 11694 | D:10     | Reached skill level 10 in Earth Magic
 11743 | D:10     | Learned a level 3 spell: Conjure Flame
 11747 | D:10     | Learned a level 3 spell: Mephitic Cloud
 11786 | D:10     | Received a gift from Nemelex Xobeh
 11916 | D:10     | Noticed a cyclops
 11923 | D:10     | Killed a cyclops
 11973 | D:10     | Noticed a two-headed ogre
 11980 | D:10     | Killed a two-headed ogre
 11980 | D:10     | Reached skill level 1 in Air Magic
 11980 | D:10     | Reached skill level 1 in Poison Magic
 12482 | D:9      | Killed a two-headed ogre
 12525 | Orc:1    | Entered Level 1 of the Orcish Mines
 12525 | Orc:1    | Noticed a cyclops
 12528 | Orc:1    | Reached skill level 10 in Conjurations
 12532 | Orc:1    | Killed a cyclops
 12644 | Orc:1    | Found a flagged portal.
 12650 | Bailey   | Entered a bailey
 12689 | Bailey   | Noticed an orc knight
 12714 | Bailey   | Noticed an orc sorcerer
 12714 | Bailey   | Killed an orc knight
 12716 | Bailey   | Noticed a sun demon
 12722 | Bailey   | Killed an orc sorcerer
 12731 | Bailey   | Noticed a soul eater
 12743 | Bailey   | Noticed a sun demon
 12812 | Bailey   | Found an iron altar of Okawaru.
 13067 | Bailey   | Gained mutation: Scrolls take you a little longer to read.
                  | [mutagenic glow]
 13253 | Bailey   | Identified the cursed +1 robe "Jyotaeph" {rPois Int+3} (You
                  | found it on level 10 of the Dungeon)
 13542 | Bailey   | Noticed an orc knight
 13550 | Bailey   | Killed an orc knight
 13766 | Orc:2    | Entered Level 2 of the Orcish Mines
 13772 | Orc:2    | Noticed an orc sorcerer
 13773 | Orc:2    | Noticed an orc knight
 13951 | Orc:2    | Noticed an orc high priest
 14198 | Orc:2    | Noticed an orc high priest
 14224 | Orc:1    | Killed an orc knight
 14467 | Orc:1    | Killed an orc sorcerer
 14478 | Orc:1    | Reached XP level 12. HP: 54/80 MP: 4/17
 14598 | Orc:2    | Killed an orc high priest
 14602 | Orc:2    | Reached skill level 11 in Dodging
 14603 | Orc:2    | Killed an orc high priest
 14605 | Orc:2    | Killed from afar by a twister

Levels and vault maps discovered:
D:1:      minmay_arrival_glassed_features, layout_basic
D:2:      layout_basic, lightli_temple_of_fire,
          nemelex_xobeh_ov_fountains_minmay, uniq_jessica
D:3:      layout_basic, yredelemnul_forgotten_temple_becter, old_standard_altar,
          uniq_robin
D:4:      layout_loops_corners, lemuel_doored_altar, kennysheep_little_box,
          first_ration, uniq_ijyb
D:5:      layout_loops_ring, gammafunk_ghost_stat_death, serial_shops, shop,
          xom_teletrap_fun
D:6:      layout_basic, nicolae_overflow_crystal_walls,
          minmay_temple_entry_sparse_star, hangedman_decor_diamond_cutter
D:7:      gammafunk_beogh_shrine, layout_basic, nicolae_ru_path_of_blood,
          serial_shops, shop, grunt_livestock, uniq_menkaure
D:8:      layout_basic, overflow_temple_1_default, serial_shops, shop,
          kennysheep_small_spiral
D:9:      layout_roguey, erik_lair_dragon, orc_david_3, special_room
          [special_room_kobold], uniq_pikel
D:10:     layout_grid_maze, gammafunk_ghost_nasty_kobolds, serial_shops, shop,
          kennysheep_nondescript
Orc:1:    layout_diamond_mine, enter_bailey_3, minmay_orc_temple_b
Orc:2:    grunt_orc_gardens, layout_caves, grunt_orc_garden, grunt_orc_garden,
          grunt_orc_garden, grunt_orc_garden

Skill      XL: |  1  2  3  4  5  6  7  8  9 10 11 12 |
---------------+-------------------------------------+-----
Fighting       | 1 2 |  2.9
Spellcasting   | 3 |  3.5
Earth Magic    | 4 5 6 7 8 9 10 | 10.8
Dodging        | 3 5 6 8 9 10 11 | 11.1
Conjurations   | 2 5 6 8 9 10 | 10.8
Shields        | 4 |  4.0
Air Magic      | 4 |  4.6
Poison Magic   | 4 |  4.7
Stealth        | |  1.7
Transmutations | |  1.1

Action                   |  1- 3 |  4- 6 |  7- 9 | 10-12 || total
-------------------------+-------+-------+-------+-------++-------
Melee: Dagger            |    42 |     1 |       |       ||    43
       Unarmed           |     2 |       |       |       ||     2
       Spear             |       |    33 |    73 |   278 ||   384
Throw: Stone             |     1 |     1 |       |       ||     2
       Boomerang         |       |     3 |     7 |    14 ||    24
 Cast: Sandblast         |    48 |    40 |    75 |    92 ||   255
       Passwall          |       |     2 |     1 |       ||     3
       Stone Arrow       |       |       |     2 |    10 ||    12
       Lee's Rapid Decon |       |       |     1 |    15 ||    16
       Mephitic Cloud    |       |       |       |    30 ||    30
 Abil: Draw Summoning    |       |     4 |     2 |    18 ||    24
       Draw Destruction  |       |     7 |     8 |    12 ||    27
       Draw Escape       |       |       |     5 |     2 ||     7
       Hop               |       |       |       |     3 ||     3
Evoke: Wand              |       |       |     4 |     2 ||     6
  Use: Scroll            |       |    11 |     4 |    14 ||    29
       Potion            |       |     1 |     2 |     1 ||     4
 Stab: Sleeping          |       |     4 |     1 |     4 ||     9
       Invisible         |       |       |     3 |       ||     3
       Confused          |       |       |       |    10 ||    10
       Petrified         |       |       |       |     6 ||     6
  Eat: Chunk             |     3 |     7 |     5 |    31 ||    46
       Ration            |       |       |     1 |     2 ||     3
Armor: Robe              |    17 |    10 |     3 |       ||    30
       Leather armour    |       |       |    16 |    76 ||    92
Dodge: Dodged            |    64 |    35 |    74 |   241 ||   414
Block: Buckler           |       |       |       |    77 ||    77
       Reflection        |       |       |       |     3 ||     3
